[Event "Super United Croatia GCT Blitz 2022"]
[Site "Zagreb"]
[Date "2022.07.24"]
[Round "15"]
[White "Topalov, Veselin"]
[Black "Dominguez Perez, Leinier"]
[Result "1-0"]
[ECO "A33"]
[WhiteElo "2728"]
[BlackElo "2754"]
[Annotator "TA"]
[PlyCount "59"]
[EventDate "2022.07.20"]
[EventType "tourn"]
[EventCountry "CRO"]
[SourceTitle "playchess.com"]
[Source "ChessBase"]
[SourceQuality "1"]
[TimeControl "300+2"]

1. c4 c5 2. Nf3 Nf6 3. Nc3 Nc6 4. d4 cxd4 5. Nxd4 e6 6. a3 Be7 7. e4 O-O {[%emt 0:00:04] A33: Symmetrical English: 2 Nf3 Nf6 3 d4 cxd4 4 Nxd4 e6 5 Nc3 Nc6.} 8. Nf3 Qa5 9. Bd3 d5 {[%emt 0:00:03] The position is equal.} 10. O-O {[%emt 0:00:02] Black must now prevent cxd5.} d4 {[%emt 0:00:11] [#]} 11. b4 $5 $146 {[%emt 0:00:01][%mdl 8] New and interesting.} ({Predecessor:} 11. Ne2 e5 12. Bd2 Qc7 13. b4 b6 14. Rb1 Bb7 15. Ng3 Nd8 16. Qe2 Re8 17. Ng5 h6 18. Nh3 Ne6 19. Nf5 Bf8 20. Qf3 Qd8 21. Rfe1 Kh7 22. Ng3 {½-½ (22) Berkes,F (2659)-Stevic,H (2606) Schwarzach 2015}) 11... Nxb4 12. axb4 Qxa1 13. Nb5 a6 14. Nc7 {[%emt 0:00:51] e5 is the strong threat.} Rb8 15. e5 $1 {[%emt 0:00:02] Strongly threatening Ng5.} Ne8 $2 (15... Bxb4 16. exf6 g6 17. Qe2 $16) (15... Nd7 $11 {and Black is okay.} 16. Bxh7+ Kxh7 17. Qc2+ Kg8) 16. Nxe8 $18 Rxe8 {[%emt 0:00:01] [#]} 17. Qc2 $1 {[%emt 0:00:25] White is more active.} Bd7 (17... Bxb4 18. Bxh7+ Kf8 19. Qe4 $11) 18. Bxh7+ Kh8 $2 {[%emt 0:00:02][%mdl 8192] This costs Black the game.} (18... Kf8 $16) 19. Bg5 Qc3 {[%emt 0:01:01] [#] Hoping for ...Bc6.} 20. Qe4 {[%emt 0:00:01] Threatening mate with Qh4.} Qxf3 21. Qxf3 {[%emt 0:00:06] aiming for Bxe7.} ({Not} 21. gxf3 Bxg5 22. Qg4 (22. Qxd4 Red8 $16) 22... Kxh7 $16) 21... Bxg5 22. Qxf7 Kxh7 23. Qxd7 Rbd8 24. Qxb7 d3 25. h4 Bh6 26. Rd1 d2 27. Qe4+ Kh8 28. g4 g6 29. Qxg6 Bg7 {[%emt 0:00:01] [#]} 30. Rxd2 $3 {[%emt 0:00:01][%mdl 512] Weighted Error Value: White=0.23 (precise) /Black=0.61} 1-0

[Event "Super United Croatia GCT Blitz 2022"]
[Site "Zagreb"]
[Date "2022.07.24"]
[Round "15"]
[White "Van Foreest, Jorden"]
[Black "Vachier-Lagrave, Maxime"]
[Result "0-1"]
[ECO "D27"]
[WhiteElo "2678"]
[BlackElo "2760"]
[Annotator "TA"]
[PlyCount "124"]
[EventDate "2022.07.20"]
[EventType "tourn"]
[EventCountry "CRO"]
[SourceTitle "playchess.com"]
[Source "ChessBase"]
[SourceQuality "1"]
[TimeControl "300+2"]

1. d4 d5 2. c4 dxc4 3. Nf3 Nf6 4. e3 e6 5. Bxc4 a6 6. O-O c5 7. e4 b5 8. Bd3 Bb7 9. Nc3 {[%emt 0:00:31] D27: Queen's Gambit Accepted: Classical main line: 7 e4!? and 7 a4.} c4 $5 {[%emt 0:00:35][%mdl 4] A promising side line.} (9... Nc6 10. d5 Nb4 11. Bg5 $11) (9... cxd4 $15 10. Ne2 (10. Nxd4 Nbd7 $15) 10... Nbd7) 10. Bc2 $14 b4 11. e5 {[%emt 0:00:11] White is slightly better.} (11. Ba4+ Nbd7 12. e5 bxc3 $11) 11... Nd5 12. Ne4 {[%emt 0:00:09] [#]} Nd7 $146 (12... Nc6 $14) ({Predecessor:} 12... h6 13. Nfd2 Nb6 14. Nc5 Bd5 15. Nde4 N8d7 16. Qg4 Qc7 17. Be3 Qc6 {1-0 (37) Eriksson,J (2447)-Akesson,J (2375) Sweden 2007}) 13. Nfg5 $1 $18 {[%emt 0:00:05] Threatens to win with Qf3.} Be7 (13... N7b6 $142 14. Qh5 g6) 14. Qh5 g6 15. Qh6 Qb6 16. Qg7 Rf8 17. Nxh7 (17. Ba4 $18) 17... Qxd4 $14 18. Bg5 Qxe5 19. Qxe5 Nxe5 20. Ba4+ Bc6 21. Bxc6+ Nxc6 22. Nxf8 Kxf8 23. Rac1 f5 {[%emt 0:00:13] [#]} (23... Bxg5 $11 {remains equal.} 24. Nxg5 c3) 24. Bxe7+ ({Weaker is} 24. Rxc4 Ne5 25. Bh6+ Kf7 $15) (24. Nc5 $1 $16 ) 24... Kxe7 $11 25. Nd2 c3 26. bxc3 (26. Nf3 $11) 26... bxc3 $17 {[%emt 0:00:01] And now ...Nd4 would win.} 27. Nb3 {[%emt 0:00:41] Prevents Nd4.} (27. Nb1 $2 Nd4 28. Rfe1 (28. Nxc3 $2 Nxc3 29. Kh1 Nxa2 $19) 28... Rc8 $17) 27... Ncb4 $1 {[%emt 0:00:10][%mdl 1024] Black has strong compensation.} 28. a3 Nd3 29. Rcd1 {[%emt 0:00:16] [#]} Nb2 30. Rc1 Rc8 ({Better is} 30... e5 {...Rb8 is the strong threat.} 31. Rc2 Rb8) 31. Rc2 e5 {[%emt 0:00:13] Prevents Nd4.} (31... Nc4 $5 ) 32. Rfc1 ({White should try} 32. Nc1 $15) 32... Kd6 (32... Nd3 $17 33. Rd1 e4) 33. Kf1 Rc4 34. Rb1 Ra4 35. Nd2 Nd3 ({Much less strong is} 35... Rxa3 36. Rcxb2 cxd2 37. Rxd2 $16) 36. Rb3 Rf4 $36 {[%emt 0:00:23][%mdl 2048] White is under strong pressure. Black is much more active.} 37. Nb1 $2 (37. Nf3 $17 {was the crucial defense.}) 37... Ne3+ $19 {[%emt 0:00:05] Pair of Knights!} 38. Ke2 Nxc2 39. Kxd3 {[%emt 0:00:01][%mdl 4096] Endgame KRN-KRN} Nd4 {[%emt 0:00:12] ( -> ...c2)} 40. Rxc3 Rxf2 41. Nd2 Rxg2 42. Rc8 Rxh2 43. Nc4+ Kd7 44. Rg8 Rh3+ 45. Kd2 Nf3+ 46. Kc3 g5 47. Kb4 e4 48. Kc5 Ke6 49. Rg6+ Ke7 50. Nd6 $2 (50. Kd5 Nh4 51. Re6+ Kf8 52. Ke5) 50... Nh4 {[%emt 0:00:03] Black is clearly winning.} 51. Rxg5 Rc3+ 52. Kb4 Rf3 53. Nc4 Kf6 {[%emt 0:00:02] Inhibits Rg7.} 54. Rg8 e3 55. Rf8+ Kg5 {[%emt 0:00:01] Strongly threatening ...e2.} 56. Kc3 f4 (56... e2+ $142 57. Kd2 {[#]} Rc3 $3 58. Rg8+ Kf4 59. Kxe2 Rxc4) 57. Rg8+ Kf6 58. Rf8+ Ke7 59. Rg8 Nf5 60. Kd3 Rf2 {[%emt 0:00:01] White must now prevent ...e2.} 61. Rg1 e2 {[%emt 0:00:03] Hoping for ...Rf1.} 62. Ke4 Rf1 {[%emt 0:00:01] Weighted Error Value: White=0.56/Black=0.39} 0-1

[Event "Super United Croatia GCT Blitz 2022"]
[Site "Zagreb"]
[Date "2022.07.24"]
[Round "16"]
[White "Nepomniachtchi, Ian"]
[Black "Van Foreest, Jorden"]
[Result "1-0"]
[ECO "E60"]
[WhiteElo "2766"]
[BlackElo "2678"]
[Annotator "TA"]
[PlyCount "67"]
[EventDate "2022.07.20"]
[EventType "tourn"]
[EventCountry "CRO"]
[SourceTitle "playchess.com"]
[Source "ChessBase"]
[SourceQuality "1"]
[TimeControl "300+2"]

1. c4 Nf6 2. g3 g6 3. Bg2 Bg7 4. d4 O-O 5. Nf3 d6 6. O-O Bf5 7. b3 {[%emt 0:00:04] E60: King's Indian: Unusual lines and Fianchetto Variation without Nc3.} Nc6 8. Bb2 a5 9. d5 {[%emt 0:00:17] White is slightly better.} Nb4 10. Nd4 {[%emt 0:00:01] Against Nc2} Be4 11. Nc3 Bxg2 12. Kxg2 Qd7 13. a3 Na6 14. Qc2 e5 {[%emt 0:00:05] [#]} 15. Nf3 $146 ({Predecessor:} 15. dxe6 fxe6 16. Rad1 e5 17. Nf3 Qc6 18. Nd5 Nxd5 19. Rxd5 Nc5 20. Kg1 Qb6 21. Rb1 Qxb3 22. Qxb3 Nxb3 23. Bxe5 {½-½ (29) Seel,C (2469)-Markus,R (2644) Germany 2017}) 15... Ng4 16. h3 Nh6 17. Rab1 Qe7 18. Bc1 Rae8 19. e4 f5 20. Bxh6 (20. Ng5 $5 ) 20... Bxh6 21. b4 axb4 22. axb4 Rf7 23. exf5 gxf5 24. Rfe1 Qf6 25. Nd4 Kh8 26. Ne6 c6 27. b5 $1 Nc7 28. Nxc7 {[%emt 0:00:02] White is much more active.} (28. bxc6 {looks sharper.} bxc6 29. Nxc7 Rxc7 30. dxc6 Qf7 31. Qd3) 28... Rxc7 29. bxc6 bxc6 30. dxc6 {[%emt 0:00:02] Strongly threatening Nd5.} Rxc6 {[%emt 0:00:02] Black cannot hold the game after this.} ({Black should try} 30... Qf7 $1 $14) 31. Rb7 $1 $18 {[%emt 0:00:00] aiming for Ra1.} ({Less strong is} 31. Nd5 Qf7 32. Qa4 Rec8 $14) 31... Qe6 {[%emt 0:00:11] [#]} (31... Rxc4 $2 32. Nd5 Qg7 33. Qb3 $18) 32. Ra1 $1 {[%emt 0:00:08] Threatens to win with Raa7.} Bg5 $2 (32... Rxc4 $2 33. Raa7 $18) (32... Rg8 {is tougher.}) 33. Raa7 Re7 34. Qb3 $2 {[%emt 0:00:20] Weighted Error Value: White=0.04 (flawless) /Black=0.23 (precise)} (34. Rxe7 $18 {and the rest is easy.} Bxe7 35. Qb3 Rxc4 {[#]} 36. Rxe7 $1 Qxe7 37. Qxc4) 1-0

[Event "Super United Croatia GCT Blitz 2022"]
[Site "Zagreb"]
[Date "2022.07.24"]
[Round "16"]
[White "Vachier-Lagrave, Maxime"]
[Black "Topalov, Veselin"]
[Result "1-0"]
[ECO "B13"]
[WhiteElo "2760"]
[BlackElo "2728"]
[Annotator "TA"]
[PlyCount "115"]
[EventDate "2022.07.20"]
[EventType "tourn"]
[EventCountry "CRO"]
[SourceTitle "playchess.com"]
[Source "ChessBase"]
[SourceQuality "1"]
[TimeControl "300+2"]

1. e4 c6 2. d4 d5 3. exd5 cxd5 4. Bd3 Nc6 5. c3 g6 6. Nf3 Bg7 7. h3 Nh6 8. O-O O-O 9. Re1 a6 {[%emt 0:00:28] B13: Caro-Kann: Exchange Variation and Panov-Botvinnik Attack.} 10. a4 f6 {[%emt 0:00:08] [#]} (10... Bf5 $14 {feels stronger.}) 11. Bc2 $146 {[%emt 0:00:23] White is more active.} (11. c4 $16) ({Predecessor:} 11. Bf4 Nf7 12. Bf1 e5 13. dxe5 fxe5 14. Bg3 Be6 15. Na3 Qf6 16. Nc2 Rad8 17. Ra3 {½-½ (24) Panken,R-Felber,J Long Island 1988}) 11... Nf7 {[%emt 0:00:04] The position is equal.} 12. Be3 e5 13. dxe5 fxe5 14. Bb3 Be6 15. Nbd2 Re8 16. Nf1 Rc8 17. Ng3 Na5 18. Ba2 Nc4 19. Bxc4 Rxc4 20. Qd2 Qc8 (20... Qa5 $5 ) 21. Ng5 (21. a5 $11) 21... Nxg5 (21... d4 {with more complications.} 22. cxd4 exd4 23. Bf4 Rc2) 22. Bxg5 h5 23. Re2 Kh7 24. Rae1 Bf7 (24... Rxa4 25. Nxh5 $1 gxh5 26. Qc2+ Re4 27. f3 $16) 25. Kh2 Qc6 ({Don't do} 25... Rxa4 26. Qc2 b5 27. Nxh5 $16) 26. a5 Qc7 27. h4 Qxa5 28. f3 (28. f4 $17) 28... Qc7 29. Nf1 d4 30. Ng3 (30. Kg1 $17) 30... dxc3 $19 31. bxc3 e4 $1 32. Rxe4 Rexe4 33. Rxe4 Rxe4 34. fxe4 Bxc3 35. Qf2 Be5 {[%emt 0:00:02] Against Bf4. A strong pair of Bishops.} 36. Bf6 Kg8 37. Bxe5 Qxe5 {[%emt 0:00:01][%mdl 4096] Endgame KQB-KQN} 38. Qb6 Qe7 39. Kg1 Qxh4 40. Qc7 Qg5 41. Nf1 (41. Qc8+ $142 Kg7 42. Qc3+ Kg8 43. Qc8+ Kg7 44. Qc3+ Kf8 45. e5) 41... b5 42. Qc8+ Kg7 43. Qxa6 $2 (43. Qc3+ Qf6 44. Qc5) 43... Qc5+ 44. Kh2 b4 {[%emt 0:00:03] White must now prevent ...Qc4.} 45. Qa1+ Qc3 46. Qa5 Qd4 47. Qg5 Qf6 48. Qb5 b3 49. e5 Qf4+ 50. Kg1 Bc4 51. Qd7+ Kh6 52. Nd2 b2 (52... Qe3+ $142 53. Kh2 Qxe5+ 54. Kg1 Bd5 55. Nxb3 Bxb3 56. Qd2+ g5 57. Qd3 Bd5 58. Kf2 Qf4+ 59. Kg1 Qe4 60. Qa6+ Qe6 61. Qf1 h4 62. Qd3 Qe4 63. Qf1 {[#]} Qxg2+ $1 64. Qxg2 Bxg2 65. Kf2 Bd5 66. Kg1 g4 67. Kf1 g3 68. Ke1 h3 69. Ke2 g2 70. Ke3 g1=Q+ 71. Kd3 Qc5 72. Kd2 Qd4+ 73. Kc1 Qf2 74. Kb1 h2 75. Kc1 h1=Q#) 53. Qd8 Qe3+ 54. Kh1 Qe1+ 55. Kh2 Qxe5+ 56. Kg1 Ba2 (56... Bd5 $142 57. Qf8+ Kg5 58. Qd8+ Kg4 59. Qc8+ Qe6) 57. Qf8+ Kg5 $4 (57... Qg7 $19 58. Qb4 Bd5 59. Qf4+ Kh7) 58. Nf3+ {[%emt 0:00:02] Never resign too early!  Weighted Error Value: White=0.77/Black=0.52} 1-0

[Event "Super United Croatia GCT Blitz 2022"]
[Site "Zagreb"]
[Date "2022.07.24"]
[Round "16"]
[White "Mamedyarov, Shakhriyar"]
[Black "Carlsen, Magnus"]
[Result "1/2-1/2"]
[ECO "D47"]
[WhiteElo "2759"]
[BlackElo "2864"]
[Annotator "TA"]
[PlyCount "129"]
[EventDate "2022.07.20"]
[EventType "tourn"]
[EventCountry "CRO"]
[SourceTitle "playchess.com"]
[Source "ChessBase"]
[SourceQuality "1"]
[TimeControl "300+2"]

1. d4 d5 2. c4 c6 3. Nf3 Nf6 4. Nc3 e6 5. e3 Nbd7 6. Bd3 dxc4 7. Bxc4 b5 8. Bd3 Bd6 9. O-O O-O 10. b3 Bb7 {[%emt 0:00:10] D47: Semi-Slav: Meran System.} 11. Bb2 a6 12. a4 b4 13. Ne4 Nxe4 14. Bxe4 Nf6 15. Bd3 c5 16. Rc1 cxd4 (16... Nd7 {keeps more tension.} 17. Ne5 cxd4 18. Nxd7 Qxd7 19. Bxd4 Rac8) 17. Bxd4 {[%emt 0:00:22] [#]} Qe7 $146 ({Predecessor:} 17... a5 18. Qe2 Qe7 19. Ne5 Rac8 20. Nc4 e5 21. Bb2 Bc7 22. e4 Rfd8 23. Rfd1 Rd7 {½-½ (37) Bunyan,H (2139)-Miettinen,K (2239) LSS email 2009}) 18. Bb2 Rfd8 19. Qe2 Nd5 20. Nd4 Nc3 21. Bxc3 bxc3 22. Rxc3 a5 23. f4 g6 24. Nc6 Bxc6 25. Rxc6 Rac8 26. Rxc8 Rxc8 27. Bc4 Rd8 28. Qf3 Bc5 29. Kh1 Kg7 30. e4 Qf6 {[%emt 0:00:01] Against Qc3} 31. f5 exf5 32. exf5 g5 33. h3 Re8 {[%emt 0:00:12] [#]} 34. Bxf7 $1 Re3 35. Qh5 (35. Qd5 $2 Re5 36. Qd7 Qxf7 37. f6+ Kg6 38. Qd3+ Kh6 $19) 35... Qxf7 $4 (35... Bd6 $11 {and Black stays safe.} 36. Bc4 Kh8) 36. f6+ $18 Kf8 37. Qh6+ Ke8 38. Qxg5 Ba7 (38... Bd4 $2 39. Qg4 Qxf6 40. Rxf6 $18) 39. Qxa5 {[%emt 0:00:02] aiming for Rd1.} Kf8 {[%emt 0:00:08] [#]} 40. Qb4+ Kg8 41. Qg4+ Kh8 $2 (41... Kf8 {keeps fighting.} 42. b4 Re6) 42. Rc1 {[%emt 0:00:05] Threatening mate with Rc8+.} Re8 43. Rc8 Rxc8 44. Qxc8+ Qg8 45. Qd7 Bc5 {[%emt 0:00:08] [#]} 46. b4 $2 (46. a5 $1 $18 Qf8 47. Qd5 (47. a6 Qxf6 48. Qc8+ Bf8 $18)) 46... Bf8 $14 ({Less strong is} 46... Bxb4 47. Qd4 Bf8 48. a5 $16) 47. b5 (47. Qd8 $14 Bxb4 48. Qd4) 47... Qb3 $11 {[%emt 0:00:02] The position is equal.} 48. Qd4 {[%emt 0:00:12] White wants to mate with f7+.} Kg8 49. b6 Kf7 $1 50. a5 Qb5 51. Qf4 Bc5 52. Qf5 {[%emt 0:00:01] Hoping for b7.} Qxa5 53. Qxh7+ Kxf6 54. Qh4+ Kf7 55. Qf4+ Ke6 56. Qe4+ Kd6 57. b7 Kc7 58. Qb1 Kb8 59. Qd1 Qc7 60. Qe2 Bd6 61. Qe8+ Kxb7 62. Qb5+ Ka7 63. Qa4+ Kb7 64. Qb5+ Ka7 {[%emt 0:00:01] ( -> ...Qc1+)} 65. Qa4+ {[%emt 0:00:01] Black escapes into a draw.  Weighted Error Value: White=0.15 (very precise) /Black=0.22 (precise)} 1/2-1/2

[Event "Super United Croatia GCT Blitz 2022"]
[Site "Zagreb"]
[Date "2022.07.24"]
[Round "16"]
[White "Saric, Ivan"]
[Black "Firouzja, Alireza"]
[Result "0-1"]
[ECO "C78"]
[WhiteElo "2680"]
[BlackElo "2793"]
[Annotator "TA"]
[PlyCount "101"]
[EventDate "2022.07.20"]
[EventType "tourn"]
[EventCountry "CRO"]
[SourceTitle "playchess.com"]
[Source "ChessBase"]
[SourceQuality "1"]
[TimeControl "300+2"]

1. e4 e5 2. Nf3 Nc6 3. Bb5 a6 4. Ba4 Nf6 5. O-O b5 6. Bb3 Bb7 7. d3 Bc5 8. a4 O-O 9. Nbd2 {[%emt 0:00:19] 9.Bg5 gains popularity. C78: Ruy Lopez: Archangelsk and Möller Defences.} d6 10. c3 Bb6 11. h3 {[%emt 0:00:02] White has an edge.} Ne7 12. Re1 Ng6 13. Nf1 {[%emt 0:00:04] [#]} Re8 $146 ({Predecessor:} 13... h6 14. Ng3 Re8 15. Bc2 c5 16. d4 Qc7 17. axb5 axb5 18. Rxa8 Rxa8 19. Nf5 Ra1 {½-½ (74) Jorge,R (1786)-Andrade,B (2092) Coimbra 2016}) 14. Ng3 Rb8 15. axb5 axb5 16. Bd2 Bc8 17. d4 Bb7 18. Bc2 exd4 19. cxd4 c5 20. d5 c4 21. Bc3 (21. Bb4 $5 ) 21... Bc5 22. Qd2 Bc8 23. Bd4 Nd7 {[%emt 0:00:08] [#]} (23... Bxd4 $14 24. Nxd4 Bd7) 24. Nf5 $2 (24. Bxg7 $1 $18 Nde5 25. Nxe5 dxe5 26. Bh6) 24... Nde5 25. Nxe5 Nxe5 26. Bxc5 dxc5 27. Ng3 Bxh3 28. f4 $18 Qh4 29. fxe5 Qxg3 30. Ra3 {[%emt 0:00:04][%mdl 64] Skewer} Qxe5 {[%emt 0:00:07][%cal Oh3f5] White must now prevent ...Bf5!} 31. Rxh3 b4 (31... Ra8 $142) 32. Qf2 (32. Ba4 Red8 33. Qf2 Qd4 34. Qxd4 cxd4) 32... g6 33. Rf3 $2 (33. Qxc5 Qxb2 34. Bb1 (34. Qxc4 Rec8 $17) 34... Rec8 $16) (33. Rf1 Qd4 34. Bb1 Re7 $18) (33. Ba4 $18 {is more deadly.} Re7 34. Qxc5) 33... Qxb2 $16 34. Ba4 Qxf2+ 35. Kxf2 Re5 36. d6 Rd8 37. d7 c3 (37... Kf8 $16) 38. Rd3 c4 39. Rd5 f6 (39... Rxd5 40. exd5 Kg7 41. Ke3 $18) 40. Rd6 $2 (40. Ke3 $18 {And now Kd4 would win.} c2 41. Kd2 (41. Bxc2 b3 $18)) 40... b3 (40... Kf7 $11 {remains equal.}) 41. Rc6 {[%emt 0:00:03] Hoping for Rc8.} Ra5 42. Rxc4 Rxa4 43. Rxa4 $18 Rxd7 {[%emt 0:00:01] aiming for ...c2.} 44. Rc4 c2 45. Ke2 {[%emt 0:00:03] Against Rd1} Rb7 46. Kd2 Rd7+ 47. Kc1 Rd3 48. Rc8+ Kg7 49. Rf1 Rd4 50. Rc3 Ra4 51. Kd2 {[%emt 0:00:04][%mdl 32768] Weighted Error Value: White=0.28 (precise) /Black=0.44. Sensor Board Error (Ke4/e5)?} 0-1

[Event "Super United Croatia GCT Blitz 2022"]
[Site "Zagreb"]
[Date "2022.07.24"]
[Round "17"]
[White "Carlsen, Magnus"]
[Black "Firouzja, Alireza"]
[Result "0-1"]
[ECO "D24"]
[WhiteElo "2864"]
[BlackElo "2793"]
[Annotator "TA"]
[PlyCount "102"]
[EventDate "2022.07.20"]
[EventType "tourn"]
[EventCountry "CRO"]
[SourceTitle "playchess.com"]
[Source "ChessBase"]
[SourceQuality "1"]
[TimeControl "300+2"]

1. d4 Nf6 2. c4 e6 3. Nf3 d5 4. Nc3 dxc4 5. e4 b5 6. Nxb5 {[%emt 0:00:01] D24: Queen's Gambit Accepted: 3 Nf3 Nf6 4 Nc3.} (6. e5 $5 Nd5 7. Nxb5 $14) 6... Nxe4 7. Qa4 {[%emt 0:00:02] [#] Prevents Bb4+.} Nd7 $146 ({Predecessor:} 7... c6 8. Nc3 Nxc3 9. bxc3 Ba6 10. Bxc4 Bxc4 11. Qxc4 Bd6 12. O-O O-O 13. Rb1 Qc7 {½-½ (100) Carlsen,M (2847)-Nepomniachtchi,I (2789) chess24.com INT 2021}) 8. Qxc4 {[%emt 0:00:08] White is slightly better.} Bd6 9. Nxd6+ (9. Qc6 {is interesting.} Bb4+ 10. Ke2 Rb8 11. Nxc7+ Ke7 12. Nxe6 Qa5 13. Qxe4 Nf6 14. Qe5) 9... Nxd6 (9... cxd6 10. Qc6 Qa5+ 11. Nd2 $14) 10. Qc2 Bb7 11. Bg5 Qc8 12. Rc1 $36 {[%emt 0:00:10][%cal Ba1c1,Bc1c7,Bc7a7][%mdl 2080] White has good play.} Nf5 13. Qxc7 {[%emt 0:00:14] Threatens to win with Bb5.} (13. Be2 {seems wilder.} O-O 14. Qxc7 h6 15. Bd2) 13... Qxc7 14. Rxc7 Bxf3 15. gxf3 {[%emt 0:00:04] Strongly threatening Bb5.} Nxd4 16. Be3 $1 {[%emt 0:00:02] This bishop pair is nice.} Ne5 17. Bg2 (17. Bxd4 Nxf3+ 18. Ke2 Nxd4+ 19. Ke3 Nf5+ 20. Kf3 O-O $15) 17... Rd8 18. Rxa7 ({White should try} 18. O-O $16) 18... Nd3+ $1 $11 19. Kd2 Nf4 20. Bxd4 e5 {[%emt 0:00:04] [#]} (20... Rxd4+ $11 21. Ke3 e5 22. Ra8+ Ke7 23. Rxh8 Nxg2+ 24. Ke2 Nf4+ 25. Ke1 Nd3+ 26. Kf1 (26. Ke2 Nf4+ 27. Ke1 Nd3+ 28. Kf1 Nf4 $11) 26... Nf4) 21. Bf1 Rxd4+ $14 22. Kc2 O-O 23. Rc7 {[%emt 0:00:03] Prevents Rc8.} Ne6 24. Rc4 Rd6 25. Rc3 Rfd8 (25... Nd4+ $11 26. Kb1 Rf6) 26. Bc4 $1 $16 Rd2+ 27. Kb1 Nd4 (27... Rxf2 28. Re1 $11) 28. Rf1 Rb8 29. b3 g5 30. h3 Kg7 31. Rd3 Rxd3 32. Bxd3 Nxf3 $14 {[%emt 0:00:02][%cal Oe5e4][%mdl 4096] Endgame KRB-KRN} 33. Kb2 e4 $1 34. Be2 (34. Bxe4 Nd2 35. Re1 Re8 $17) 34... f5 35. Rd1 (35. Bxf3 $16 exf3 36. a4) 35... h5 $11 36. Rd5 $2 (36. a4 $11) 36... Kf6 $19 37. a4 h4 $1 38. a5 g4 39. hxg4 fxg4 40. a6 h3 $1 {[%emt 0:00:06] And now ...Ne5 would win.} 41. Bf1 (41. Ra5 $17) 41... Ng5 $2 (41... Rh8 42. a7 $17) (41... Ne1 $19 {[%cal Oe4e3] ...e3! is the strong threat.} 42. Rh5 Kg6) 42. Kc3 (42. a7 $11 {remains equal.} Ra8 43. Ra5) 42... e3 43. fxe3 {[%emt 0:00:05] [#]} g3 (43... Ne4+ $1 $17 44. Kb2 (44. Kd4 Ng3 $17) 44... Ng3) 44. Rd4 (44. Rxg5 $2 Kxg5 45. Bxh3 Ra8 $19) 44... Kf5 {[%emt 0:00:17] aiming for ...Ne4+.} 45. Rf4+ (45. Rd5+ Kf6 46. Rd4 (46. Rxg5 $2 Kxg5 47. Bxh3 Ra8 $19) 46... g2 47. Bxg2 hxg2 $15) 45... Ke5 46. Bxh3 $4 Nxh3 $11 {[%emt 0:00:04] KRN-KR} 47. Rg4 {[%emt 0:00:01] [#]} Nf2 $1 ({Stronger than} 47... Rc8+ 48. Kb4 $11 (48. Kb2 Ra8 $11)) 48. Rg7 Kf6 49. Rxg3 Ne4+ 50. Kc4 Rb4+ $4 (50... Nxg3 {and life is good for Black.} 51. Kc5 Rc8+ 52. Kb6 Ne4 53. a7 Nd6 54. Ka5 Ke5 55. b4 Kd5 56. Ka6 Rc6+ 57. Ka5 Nc4+ 58. Kb5 Rb6+ 59. Ka4 Ra6+ 60. Kb5 Rxa7 61. e4+ Kd4 62. Kc6 Ra6+ 63. Kc7 Kxe4 64. Kd8 Kf5 65. Kd7 Rb6 66. Kc8 Ke6 67. Kc7 Ke7 68. b5 Ke6 69. Kd8 Rb7 70. b6 Nxb6 71. Ke8 Rb8#) 51. Kd5 $2 (51. Kxb4 {mates} Nxg3 52. a7 Nh5 53. a8=Q Kg5 54. Qg8+ Kh4 55. Qd8+ Kg4 56. Qc8+ Kg5 57. Qc5+ Kh6 58. e4) 51... Ra4 $2 {[%emt 0:00:04][%mdl 40960] Weighted Error Value: White=0.73/Black=0.35. Loss on time!?} (51... Nxg3 $11 52. a7 Rb5+ 53. Kc6 Ra5) 0-1

[Event "Super United Croatia GCT Blitz 2022"]
[Site "Zagreb"]
[Date "2022.07.24"]
[Round "17"]
[White "So, Wesley"]
[Black "Vachier-Lagrave, Maxime"]
[Result "1/2-1/2"]
[ECO "D85"]
[WhiteElo "2773"]
[BlackElo "2760"]
[Annotator "TA"]
[PlyCount "48"]
[EventDate "2022.07.20"]
[EventType "tourn"]
[EventCountry "CRO"]
[SourceTitle "playchess.com"]
[Source "ChessBase"]
[SourceQuality "1"]
[TimeControl "300+2"]

1. d4 Nf6 2. c4 g6 3. Nc3 d5 4. cxd5 Nxd5 5. e4 Nxc3 6. bxc3 Bg7 7. Nf3 c5 8. Rb1 O-O 9. Be2 cxd4 10. cxd4 Qa5+ 11. Bd2 Qxa2 12. O-O Bg4 13. Rxb7 {[%emt 0:00:04] D85: Exchange Grünfeld: Unusual White 7th moves and lines with 7 Nf3.} Bxf3 14. Bxf3 {[%emt 0:00:01] [#] And now e5 would win.} Bxd4 15. e5 {[%emt 0:00:03] White is slightly better.} (15. Bb4 $5 Rd8 16. Qc1 $11 (16. Bxe7 $2 Bxf2+ 17. Rxf2 Rxd1+ 18. Bxd1 Qa1 $19) (16. Rxe7 $2 Nc6 $19)) 15... Na6 {[%emt 0:00:14][%cal Bb8a6,Ba6c5,Bc5d3,Bd3e1][%mdl 32] The position is equal.} 16. Rxe7 Rad8 {[%emt 0:00:09] White must now prevent ...Bc5.} 17. e6 fxe6 {[%emt 0:00:02] [#] Threatens to win with ...Bc5.} 18. Qe1 {[%emt 0:00:02] [#]} Nc5 $146 ({Predecessor:} 18... Bf6 19. Rxa7 Rxd2 20. Rxa6 Qxa6 21. Qxd2 Qb6 22. g3 Bd4 23. Qe2 Rf6 24. Kg2 Qb2 25. Qxb2 Bxb2 {½-½ (44) Grischuk,A (2776)-Vachier Lagrave,M (2760) Bucharest 2021}) 19. Bc3 {[%emt 0:00:07] Strongly threatening Bxd4.} Nd3 20. Bxd4 $1 {[%emt 0:00:01] Dancing on a razor blade. This bishop pair is nice.} Nxe1 21. Rg7+ Kh8 22. Rd7+ Kg8 (22... e5 $2 23. Bxe5+ Rf6 24. Bxf6+ Kg8 25. Rxd8+ $18) 23. Rg7+ Kh8 24. Rd7+ Kg8 {[%emt 0:00:01] Weighted Error Value: White=0.04 (flawless) /Black=0.04 (flawless)} (24... e5 $2 25. Bxe5+ Rf6 26. Bxf6+ Kg8 27. Rxd8+ $18) 1/2-1/2